 Dungeon Crawl Stone Soup version 0.29-a0-284-gf9362112df (webtiles) character file.

Game seed: 10957219773634336393

1 rabbitsville the Magician (level 1, 0/15 HPs)
             Began as a Djinni Hedge Wizard on Mar 24, 2022.
             Slain by a jackal (1 damage)
             ... on level 1 of the Dungeon.
             The game lasted 00:01:40 (223 turns).

rabbitsville the Magician (Djinni Hedge Wizard)      Turns: 223, Time: 00:01:41

Health: 0/15       AC:  2    Str:  9    XL:     1   Next: 22%
Gold:   10         EV: 12    Int: 15    God:
                   SH:  0    Dex: 12

rFire   + + .      SeeInvis .   a - +0 dagger
rCold   x . .      Faith    .   (no shield)
rNeg    . . .      Spirit   .   b - +0 robe
rPois   ∞          Reflect  .   c - +0 hat
rElec   .          Harm     .   (no cloak)
rCorr   .          Rampage  .   (no gloves)
Will    .....                   (boots unavailable)
Stlth   ++........              (no amulet)
HPRegen 0.05/turn               (no ring)
MPRegen 0.00/turn               (no ring)

@: flying
A: sickness immunity, fire resistance 2, cold vulnerability 1, float, innate
caster, HP casting, extra vitality 1
a: no special abilities


You were on level 1 of the Dungeon.
You visited 1 branch of the dungeon, and saw 1 of its levels.

You collected 10 gold pieces.

Inventory:

Hand Weapons
 a - a +0 dagger (weapon)
Armour
 b - a +0 robe (worn)
 c - a +0 hat (worn)
Scrolls
 f - a scroll of fear {unknown}
Potions
 d - a potion of mutation {unknown}
 e - a potion of berserk rage {unknown}
 g - 2 potions of haste {unknown}


   Skills:
 - Level 2.1 Dodging
 - Level 1.5 Stealth
 * Level 2.4 Spellcasting


You couldn't memorise any spells.
You knew the following spells:

 Your Spells              Type           Power      Damage    Failure   Level
a - Magic Dart            Conj           36%        1d4       8%          1
b - Blink                 Tloc           18%        N/A       12%         2
c - Call Imp              Summ           9%         N/A       12%         2
d - Slow                  Hex            36%        N/A       8%          1
e - Conjure Flame         Conj/Fire      9%         6-21      22%         3
f - Mephitic Cloud        Conj/Pois/Air  9%         N/A       22%         3
Your spell library was empty.

Dungeon Overview and Level Annotations

Branches:
Dungeon (1/15)

Altars:
Ru


Innate Abilities, Weirdness & Mutations

You are immune to sickness and miasma.
You are immune to poison.
Your flesh is very heat resistant. (rF++)
You are vulnerable to cold. (rC-)
You float through the air rather than walking.
You learn spells naturally, not from books.
Your magical power is your life essence.
You have superior vitality. (+4 MHP)


Message History

The magic dart hits the jackal.
The jackal is moderately wounded.
The jackal barks!
The jackal stops to sniff the ground.
The jackal attacks as you move away! The jackal barely misses you.
The jackal attacks as you move away! The jackal closely misses you.
The jackal bites you.
You hit the jackal.
The jackal is severely wounded.
The jackal bites you but does no damage.
You hit the jackal but do no damage.
The jackal is severely wounded.
A bat comes into view.
The jackal bites you.
You barely miss the jackal.
The jackal is severely wounded.
The jackal bites you. x3
You miss the jackal.
The jackal is severely wounded.
The jackal bites you but does no damage.
The jackal bites you. The jackal bites you.
* * * LOW HITPOINT WARNING * * *
The jackal attacks as you move away! The jackal bites you.
* * * LOW HITPOINT WARNING * * *
The jackal attacks as you move away! The jackal barely misses you.
The jackal bites you.
* * * LOW HITPOINT WARNING * * *
You barely miss the jackal.
The jackal is severely wounded.
The jackal closely misses you.
You barely miss the jackal.
The jackal is severely wounded.
The jackal closely misses you.
You aren't experienced enough to cast this spell.
You aren't experienced enough to cast this spell.
You barely miss the jackal.
The jackal is severely wounded.
The jackal bites you.
You die...

#..###...###..# #.####.###
##.....b......# #.##^#.#^#
#......_......# #.####.#####
.#...........## #.##^#...#T#
...###...###.# #.######.###
. #G#...#G#.# #.# #e#.#9#
..###...###.# #.######.###
#...........######....##...#
#..#..##....hh@....##..'.>.+
#........##.############...#
#####.##.##.# ##### #.
#.##.# #o# .....# ### #.####
#.# #.


You could see 2 jackals.

Vanquished Creatures
  A giant cockroach (D:1)
1 creature vanquished.

Notes
Turn   | Place    | Note
-------+----------+-------------------------------------------
     0 | D:1      | rabbitsville the Djinni Hedge Wizard began the quest for
                  | the Orb.
     0 | D:1      | Reached XP level 1. HP: 15/15 MP: 0/0
     0 | D:1      | Noticed an octopode
     1 | D:1      | Noticed a merfolk
     1 | D:1      | Noticed a spriggan
     3 | D:1      | Noticed a demigod
     6 | D:1      | Noticed a spriggan
     7 | D:1      | Noticed a dwarf
     8 | D:1      | Noticed a gargoyle
    12 | D:1      | Noticed a minotaur
    12 | D:1      | Noticed an ogre
    14 | D:1      | Noticed a tengu
    16 | D:1      | Noticed a formicid
    16 | D:1      | Noticed an elf
    19 | D:1      | Noticed a troll
    21 | D:1      | Noticed a gargoyle
   184 | D:1      | Noticed an eye of devastation
   188 | D:1      | Found a faded altar of an unknown god.
   190 | D:1      | Noticed an eye of devastation
   190 | D:1      | Noticed a golden eye
   190 | D:1      | Noticed a shining eye
   196 | D:1      | Prayed at the altar of an unknown god.
   196 | D:1      | Became a worshipper of Ru the Awakened
   199 | D:1      | Fell from the grace of Ru
   223 | D:1      | Slain by a jackal

Illustrated notes

Levels and vault maps discovered:
D:1:      shiori_arrival_whats_in_store_for_you, layout_loops_corners,
          hellmonk_ecumenical_altar_watching_god, dk_noncrumbling_4

Action                   || total
-------------------------++-------
Melee: Dagger            ||    11
 Cast: Magic Dart        ||     6
Invok: Renounce Religion ||     1
Armor: Robe              ||     3
Dodge: Dodged            ||     6

Table legend: (Time is in decaauts)
 A = Elapsed time spent in this place.
 B = Non-inter-level travel time spent in this place.
 C = Inter-level travel time spent in this place.
 D = Time resting spent in this place.
 E = Time spent auto-exploring this place.
 F = Levels seen in this place.
 G = Mean time per level.
                   A        B        C        D        E       F      G
               +--------+--------+--------+--------+--------+-----+--------+
         Total |    223 |    223 |      0 |    117 |      8 |   1 |  223.0 |
       Dungeon |    223 |    223 |      0 |    117 |      8 |   1 |  223.0 |
               +--------+--------+--------+--------+--------+-----+--------+

Top non-repeatable levels by time:
     D:1: 223 daAuts
